 Dungeon Crawl Stone Soup version 0.22.0-38-g04b72b8 (webtiles) character file.

488 Lew the Shield-Bearer (level 7, -2/59 HPs)
             Began as a Gnoll Fighter on Aug 28, 2018.
             Was an Initiate of Gozag.
             Killed from afar by an orc wizard (4 damage)
             ... with a magic dart
             ... on level 3 of the Dungeon.
             The game lasted 00:05:12 (2689 turns).

Lew the Shield-Bearer (Gnoll Fighter)               Turns: 2689, Time: 00:05:12

Health: -2/59      AC:  7    Str: 23    XL:     7   Next: 13%
Magic:  10/10      EV:  9    Int: 11    God:    Gozag
Gold:   347        SH: 11    Dex: 16    Spells: 10/10 levels left

rFire    . . .     SeeInvis .   a - +0 long sword
rCold    . . .     Gourm    .   c - +0 shield
rNeg     . . .     Faith    .   o - +0 scale mail
rPois    .         Spirit   .   (no helmet)
rElec    .         Reflect  .   (no cloak)
rCorr    .         Harm     .   (no gloves)
MR       .....                  (no boots)
Stlth    +.........             (no amulet)
HPRegen  0.19/turn              (no ring)
MPRegen  0.12/turn              (no ring)

@: mighty, gold aura, flying, drained
A: distributed training, fangs 1, strong nose
a: Potion Petition, Call Merchant, Bribe Branch, Renounce Religion


You were on level 3 of the Dungeon.
You worshipped Gozag.
Gozag was aware of your devotion.
You were hungry.

You visited 1 branch of the dungeon, and saw 3 of its levels.

You collected 370 gold pieces.
You paid 23 gold pieces to Gozag.

Inventory:

Hand Weapons
 a - a +0 long sword (weapon)
Armour
 b - a +0 scale mail
 c - a +0 shield (worn)
 o - a +0 scale mail (worn)
Wands
 j - a wand of digging (8)
 n - a wand of flame (31)
Scrolls
 g - a scroll of blinking {unknown}
 h - 2 scrolls of identify
 k - a scroll of remove curse
 l - a scroll of amnesia {unknown}
Potions
 d - 2 potions of might
 e - 2 potions of haste
Comestibles
 f - 9 rations


   Skills:
 + Level 6.9(6.5) Fighting
 + Level 2.2(1.8) Short Blades
 + Level 5.1(4.7) Long Blades
 + Level 2.2(1.8) Axes
 + Level 2.2(1.8) Maces & Flails
 + Level 2.2(1.8) Polearms
 + Level 2.2(1.8) Staves
 + Level 2.2(1.8) Slings
 + Level 2.2(1.8) Bows
 + Level 2.2(1.8) Crossbows
 + Level 2.2(1.8) Throwing
 + Level 6.9(6.5) Armour
 + Level 2.2(1.8) Dodging
 + Level 2.2(1.8) Stealth
 + Level 6.9(6.5) Shields
 + Level 2.2(1.8) Unarmed Combat
 + Level 2.2(1.8) Spellcasting
 + Level 1.8(1.4) Conjurations
 + Level 1.8(1.4) Hexes
 + Level 1.8(1.4) Charms
 + Level 1.8(1.4) Summonings
 + Level 1.8(1.4) Necromancy
 + Level 1.8(1.4) Translocations
 + Level 1.8(1.4) Transmutations
 + Level 1.8(1.4) Fire Magic
 + Level 1.8(1.4) Ice Magic
 + Level 1.8(1.4) Air Magic
 + Level 1.8(1.4) Earth Magic
 + Level 1.8(1.4) Poison Magic
 + Level 2.5(2.1) Invocations
 + Level 2.2(1.8) Evocations


You had 10 spell levels left.
You didn't know any spells.
Your spell library was empty.

Dungeon Overview and Level Annotations

Branches:
Dungeon (3/15)

Altars:
Gozag
Nemelex Xobeh
Trog
Vehumet
Zin


Innate Abilities, Weirdness & Mutations

Your experience applies equally to all skills.
You have very sharp teeth.
Your uncanny sense of smell can sniff out nearby items.


Message History

You feel very buoyant.
You fly up into the air.
You block Defined's ghost's attack.
Okay, then.
Okay, then.
You are confused.
You feel invigorated. Defined's ghost barely misses you.
Defined's ghost barely misses you.
You hit Defined's ghost.
Defined's ghost is severely damaged.
You feel less invigorated.
You feel less confused. Defined's ghost hits you.
You are electrocuted!
* * * LOW HITPOINT WARNING * * *
You slash Defined's ghost!
You destroy Defined's ghost!
You have reached level 7!
The orc wizard points at you and mumbles some strange words.
The magic dart hits you!
You die...
Your body crumbles into a pile of gold.

######## #≈≈≈≈≈≈# #≈8..8≈###
##### ######≈.##).'.# #...##
§§#@##≈.##..'.# .....##
∆§o$..#≈8..8≈#.# .)....#
§§#..#≈≈≈≈≈≈#.#
......##########..########.#
........................#..#
.....##########...........##
>....##########.###########
.................##
......#####.####..###


You could see an orc wizard.

Vanquished Creatures
  Sigmund (D:2)
  The ghost of Defined the Magician, an amateur GnWz (D:3)
  Jessica (D:2)
  Natasha (thrice) (D:2 D:3)
  3 adders (D:2)
  A howler monkey skeleton (D:2)
  3 oozes
  A worm (D:3)
  2 dart slugs
  3 leopard geckos
  8 orcs (D:3)
  3 ball pythons
  8 giant cockroaches
  9 goblins
  9 hobgoblins
  6 jackals
  5 kobolds
  3 quokkas (D:2)
  3 bats (D:1)
  3 frilled lizards
  7 rats
83 creatures vanquished.

Notes
Turn   | Place    | Note
-------+----------+-------------------------------------------
     0 | D:1      | Lew the Gnoll Fighter began the quest for the Orb.
     0 | D:1      | Reached XP level 1. HP: 23/23 MP: 1/1
   106 | D:1      | Reached XP level 2. HP: 24/29 MP: 2/2
   505 | D:1      | Reached XP level 3. HP: 35/35 MP: 3/3
   829 | D:2      | Reached skill level 1 in Invocations
   845 | D:2      | Noticed Natasha
   864 | D:2      | Killed Natasha
   864 | D:2      | Reached skill level 1 in Short Blades
   864 | D:2      | Reached skill level 1 in Axes
   864 | D:2      | Reached skill level 1 in Maces & Flails
   864 | D:2      | Reached skill level 1 in Polearms
   864 | D:2      | Reached skill level 1 in Staves
   864 | D:2      | Reached skill level 1 in Slings
   864 | D:2      | Reached skill level 1 in Bows
   864 | D:2      | Reached skill level 1 in Crossbows
   864 | D:2      | Reached skill level 1 in Throwing
   864 | D:2      | Reached skill level 1 in Dodging
   864 | D:2      | Reached skill level 1 in Stealth
   864 | D:2      | Reached skill level 1 in Unarmed Combat
   864 | D:2      | Reached skill level 1 in Spellcasting
   864 | D:2      | Reached skill level 1 in Evocations
   864 | D:2      | Reached XP level 4. HP: 26/41 MP: 5/5
  1010 | D:2      | Noticed Sigmund
  1031 | D:2      | Killed Sigmund
  1031 | D:2      | Reached skill level 1 in Conjurations
  1031 | D:2      | Reached skill level 1 in Hexes
  1031 | D:2      | Reached skill level 1 in Charms
  1031 | D:2      | Reached skill level 1 in Summonings
  1031 | D:2      | Reached skill level 1 in Necromancy
  1031 | D:2      | Reached skill level 1 in Translocations
  1031 | D:2      | Reached skill level 1 in Transmutations
  1031 | D:2      | Reached skill level 1 in Fire Magic
  1031 | D:2      | Reached skill level 1 in Ice Magic
  1031 | D:2      | Reached skill level 1 in Air Magic
  1031 | D:2      | Reached skill level 1 in Earth Magic
  1031 | D:2      | Reached skill level 1 in Poison Magic
  1031 | D:2      | Reached XP level 5. HP: 17/47 MP: 5/7
  1031 | D:2      | Reached XP level 6. HP: 19/53 MP: 5/8
  1245 | D:2      | Found an opulent altar of Gozag.
  1262 | D:2      | Found a radiant altar of Vehumet.
  1262 | D:2      | Found a bloodstained altar of Trog.
  1262 | D:2      | Found a glowing silver altar of Zin.
  1263 | D:2      | Found a sparkling altar of Nemelex Xobeh.
  1287 | D:2      | Became a worshipper of Gozag Ym Sagoz the Greedy
  1558 | D:2      | Noticed Jessica
  1564 | D:2      | Killed Jessica
  1564 | D:2      | Reached skill level 5 in Long Blades
  1873 | D:3      | Noticed Natasha
  2058 | D:3      | Killed Natasha
  2291 | D:3      | Found a runed door.
  2293 | D:3      | Noticed Defined's ghost (amateur GnWz)
  2548 | D:3      | Noticed Natasha
  2555 | D:3      | Killed Natasha
  2688 | D:3      | HP: 1/53 [Defined's ghost (16)]
  2689 | D:3      | Killed Defined's ghost
  2689 | D:3      | Reached XP level 7. HP: 2/59 MP: 10/10
  2689 | D:3      | Killed from afar by an orc wizard

Skill      XL: |  1  2  3  4  5  6 |
---------------+-------------------+-----
Invocations    | 1 2 |  2.5
Short Blades   | 1 2 |  2.2
Axes           | 1 2 |  2.2
Maces & Flails | 1 2 |  2.2
Polearms       | 1 2 |  2.2
Staves         | 1 2 |  2.2
Slings         | 1 2 |  2.2
Bows           | 1 2 |  2.2
Crossbows      | 1 2 |  2.2
Throwing       | 1 2 |  2.2
Dodging        | 1 2 |  2.2
Stealth        | 1 2 |  2.2
Unarmed Combat | 1 2 |  2.2
Spellcasting   | 1 2 |  2.2
Evocations     | 1 2 |  2.2
Conjurations   | 1 |  1.8
Hexes          | 1 |  1.8
Charms         | 1 |  1.8
Summonings     | 1 |  1.8
Necromancy     | 1 |  1.8
Translocations | 1 |  1.8
Transmutations | 1 |  1.8
Fire Magic     | 1 |  1.8
Ice Magic      | 1 |  1.8
Air Magic      | 1 |  1.8
Earth Magic    | 1 |  1.8
Poison Magic   | 1 |  1.8
Long Blades    | 5 |  5.1
Fighting       | |  6.9
Armour         | |  6.9
Shields        | |  6.9

Action                   |  1- 3 |  4- 6 |  7- 9 || total
-------------------------+-------+-------+-------++-------
Melee: Long sword        |    87 |   201 |       ||   288
       Bite              |    12 |    28 |       ||    40
  Use: Potion            |       |     7 |       ||     7
       Scroll            |       |     4 |       ||     4
 Stab: Distracted        |       |     2 |       ||     2
  Eat: Chunk             |       |     2 |       ||     2
       Ration            |       |     1 |       ||     1
Armor: Scale mail        |    46 |    73 |       ||   119
Dodge: Dodged            |    38 |    61 |       ||    99
Block: Shield            |    59 |   110 |       ||   169
       Rpst.: Long sword |    10 |    15 |       ||    25
